[Event "ICC tourney 3208 (40 10)"]
[Site "Internet Chess Club"]
[Date "2023.06.03"]
[Round "1"]
[White "palani, mohnishkirupaa:chesswarriors12"]
[Black "VOLOSHIN, VANYA:Vanya-long"]
[Result "1-0"]
[ICCResult "Black resigns"]
[WhiteElo "1803"]
[BlackElo "1348"]
[Opening "Queen's pawn game, Darooha variation "]
[ECO "D02"]
[NIC "QP.08"]
[Time "11:00:42"]
[PlyCount "37"]
[TimeControl "2400+10"]

1. d4 d5 2. Nf3 Nf6 3. g3 e6 4. Bg2 c5 5. c4 Nc6 6. O-O dxc4 7. e3 cxd4 8.
exd4 Nd5 9. Nc3 Nce7 10. Qa4+ Bd7 11. Qxc4 Rc8 12. Qb3 b6 13. Re1 Bc6 14.
Ne5 Bb7 15. Qa4+ Bc6 16. Nxc6 Nxc3 17. bxc3 Qd7 18. d5 exd5 19. Bxd5
{Black resigns}
1-0

[Event "ICC tourney 3208 (40 10)"]
[Site "Internet Chess Club"]
[Date "2023.06.03"]
[Round "1"]
[White "Hamlett, James Morrison:Hamlett144"]
[Black "TANG, OWEN:OwenT477"]
[Result "0-1"]
[ICCResult "White resigns"]
[WhiteElo "1414"]
[BlackElo "1835"]
[Opening "French: Chigorin variation"]
[ECO "C00"]
[NIC "FR.01"]
[Time "11:00:07"]
[PlyCount "68"]
[TimeControl "2400+10"]

1. e4 e6 2. Qe2 Be7 3. c3 d5 4. exd5 exd5 5. d4 Nf6 6. Nf3 O-O 7. g3 Re8 8.
Bg2 Bg4 9. Be3 Nbd7 10. Nbd2 c5 11. h3 Bh5 12. g4 Bg6 13. Nh4 cxd4 14. cxd4
Be4 15. Nhf3 Bb4 16. O-O Rc8 17. Rfc1 Nb6 18. a3 Bd6 19. Qf1 Bxf3 20. Bxf3
Ne4 21. Qg2 Nxd2 22. Bxd2 Qd7 23. Kh1 Bb8 24. Rxc8 Rxc8 25. Rc1 Rxc1+ 26.
Bxc1 Qc6 27. Qf1 Qc7 28. Qg1 Qc4 29. Qe1 Qc8 30. b3 h6 31. Bd2 Qc7 32. Qg1
Qc2 33. Ba5 Qxb3 34. Bb4 Qxf3+ {White resigns} 0-1

[Event "ICC tourney 3208 (40 10)"]
[Site "Internet Chess Club"]
[Date "2023.06.03"]
[Round "1"]
[White "Kolli, Hansika:Cougar2020"]
[Black "S.M, UMER:uncrackable"]
[Result "0-1"]
[ICCResult "White forfeits on time"]
[WhiteElo "1589"]
[BlackElo "1871"]
[Opening "Sicilian: Anderssen variation"]
[ECO "B41"]
[NIC "SI.41"]
[Time "11:00:51"]
[PlyCount "76"]
[TimeControl "2400+10"]

1. e4 c5 2. Nf3 e6 3. d4 cxd4 4. Nxd4 Nf6 5. Nc3 Nc6 6. Be3 Bb4 7. f3 d5 8.
Bd3 dxe4 9. fxe4 O-O 10. Nxc6 bxc6 11. O-O e5 12. Qf3 Ng4 13. Rad1 Qe7 14.
Kh1 Nxe3 15. Qxe3 Be6 16. Ne2 Rad8 17. Ng3 Bc5 18. Qf3 g6 19. Qf6 Qxf6 20.
Rxf6 Kg7 21. Rdf1 Be7 22. R6f2 a5 23. Ne2 a4 24. Nc3 Ra8 25. Rd1 Bc5 26.
Rff1 Bd4 27. Rb1 Rfb8 28. a3 Kf8 29. Nd1 Ke7 30. c3 Bc5 31. Rc1 Bb3 32. Bc2
Bc4 33. Rf3 Be2 34. Rh3 h5 35. Bd3 Bxd1 36. Rxd1 Rxb2 37. Ra1 Rd8 38. Bf1
Rf2 {White forfeits on time} 0-1

[Event "ICC tourney 3208 (40 10)"]
[Site "Internet Chess Club"]
[Date "2023.06.03"]
[Round "1"]
[White "ZHANG, ARI:brass60Six"]
[Black "ZENG, CALEB:calebzeng"]
[Result "1-0"]
[ICCResult "Black resigns"]
[WhiteElo "1311"]
[BlackElo "1680"]
[Opening "Grünfeld defense"]
[ECO "D80"]
[NIC "GI.03"]
[Time "11:00:07"]
[PlyCount "95"]
[TimeControl "2400+10"]

1. d4 Nf6 2. c4 g6 3. Nc3 d5 4. e3 Bg7 5. h3 c5 6. dxc5 O-O 7. Nf3 Qa5 8.
Bd2 Qxc5 9. cxd5 Nxd5 10. Rc1 Rd8 11. Nxd5 Qxd5 12. Bc4 Qh5 13. Qb3 g5 14.
O-O Nc6 15. Bc3 Bxh3 16. Bxf7+ Qxf7 17. Qxf7+ Kxf7 18. Nxg5+ Kg8 19. Nxh3
Bh6 20. Nf4 Bxf4 21. exf4 Rd5 22. Rcd1 Rad8 23. Rxd5 Rxd5 24. Re1 Kf7 25. g3
a6 26. a3 e6 27. Kg2 b5 28. Re2 a5 29. Rd2 h5 30. b4 axb4 31. axb4 Kg6 32.
f3 Rxd2+ 33. Bxd2 Kf5 34. Kf2 Nd4 35. Ke3 Nc6 36. Bc3 Nb8 37. Kd4 Nd7 38.
Bd2 Kg6 39. Ke4 Kf6 40. Be1 Kg6 41. g4 Kh7 42. gxh5 Kh6 43. f5 e5 44. Bc3
Kxh5 45. Bxe5 Kg5 46. f4+ Kg4 47. f6 Nb6 48. f7 {Black resigns} 1-0

[Event "ICC tourney 3208 (40 10)"]
[Site "Internet Chess Club"]
[Date "2023.06.03"]
[Round "1"]
[White "JIMENEZ, LUIS A:eltuna"]
[Black "CHANG, ANDREW:happyluck"]
[Result "1-0"]
[ICCResult "Black checkmated"]
[WhiteElo "1857"]
[BlackElo "1507"]
[Opening "Ruy Lopez: old Steinitz defense"]
[ECO "C62"]
[NIC "RL.02"]
[Time "11:00:11"]
[PlyCount "161"]
[TimeControl "2400+10"]

1. e4 e5 2. Nf3 Nc6 3. Bb5 d6 4. d4 exd4 5. Nxd4 Bd7 6. Nc3 Nf6 7. Bxc6 bxc6
8. Qf3 Rb8 9. O-O Be7 10. h3 O-O 11. Rd1 c5 12. Nf5 Bxf5 13. Qxf5 Qc8 14.
Qxc8 Rfxc8 15. b3 Rd8 16. Bb2 c6 17. Re1 Nd7 18. Rad1 Nf6 19. Nb1 Nd7 20. c4
Nb6 21. Bc3 Bg5 22. Ba5 Kf8 23. Na3 Bf6 24. Nc2 g6 25. Ne3 h5 26. g4 h4 27.
f4 Bd4 28. Kf2 Kg7 29. Kf3 Kh6 30. g5+ Kh7 31. Ng2 Rh8 32. Nxh4 Kg7 33. Kg3
Rh5 34. Nf3 Rbh8 35. Rh1 Kf8 36. Bxb6 axb6 37. Nxd4 cxd4 38. Rxd4 Ke7 39. h4
Rd8 40. Kg4 Ke6 41. b4 Rdh8 42. Rd3 c5 43. bxc5 bxc5 44. Rb3 R8h7 45. a4 Kd7
46. a5 Kc7 47. a6 Rh8 48. Rb7+ Kc6 49. Rxf7 Ra8 50. a7 Kb6 51. Rb1+ Ka6 52.
Rd7 Rhh8 53. Ra1+ Kb6 54. Rxd6+ Kb7 55. Rxg6 Rxa7 56. Rg7+ Kb6 57. Raxa7 Rb8
58. Rab7+ Rxb7 59. Rxb7+ Kxb7 60. h5 Ka6 61. h6 Ka5 62. h7 Kb4 63. h8=Q Kxc4
64. Qg8+ Kb4 65. Qf8 Kb5 66. Qd6 c4 67. e5 c3 68. Qd4 c2 69. Qd3+ Kc5 70.
Qxc2+ Kd5 71. Qd3+ Ke6 72. Qf5+ Kd5 73. e6+ Kd6 74. Qe5+ Ke7 75. Qf6+ Kd6
76. e7+ Kd7 77. g6 Ke8 78. g7 Kd7 79. g8=R Kc7 80. e8=R Kb7 81. Re7#
{Black checkmated}
1-0

[Event "ICC tourney 3208 (40 10)"]
[Site "Internet Chess Club"]
[Date "2023.06.03"]
[Round "2"]
[White "ZENG, CALEB:calebzeng"]
[Black "SRIPADA, ANISHA:waterycargo"]
[Result "0-1"]
[ICCResult "White resigns"]
[WhiteElo "1680"]
[BlackElo "1406"]
[Opening "French: Fort Knox variation"]
[ECO "C10"]
[NIC "FR.07"]
[Time "13:16:45"]
[PlyCount "48"]
[TimeControl "2400+10"]

1. e4 e6 2. Nc3 d5 3. d4 dxe4 4. Nxe4 Bd7 5. Nf3 Bc6 6. Bd3 Nd7 7. c3 Ngf6
8. Ng3 Bd6 9. Qc2 Qe7 10. Bd2 O-O 11. O-O-O b5 12. Rde1 Qd8 13. Ne5 Bxe5 14.
dxe5 Nd5 15. Bxh7+ Kh8 16. Bd3 Nc5 17. Be4 Nxe4 18. Qxe4 a5 19. Nh5 Nb4 20.
Qg4 Nd3+ 21. Kb1 Rg8 22. Rhf1 Nxe1 23. Bxe1 Qd3+ 24. Kc1 Be4 {White resigns}
0-1

[Event "ICC tourney 3208 (40 10)"]
[Site "Internet Chess Club"]
[Date "2023.06.03"]
[Round "2"]
[White "HAO, RYAN:Ryan334"]
[Black "JIMENEZ, LUIS A:eltuna"]
[Result "0-1"]
[ICCResult "White checkmated"]
[WhiteElo "1613"]
[BlackElo "1857"]
[Opening "Caro-Kann: exchange, Rubinstein variation"]
[ECO "B13"]
[NIC "CK.02"]
[Time "13:15:10"]
[PlyCount "126"]
[TimeControl "2400+10"]

1. e4 c6 2. d4 d5 3. exd5 cxd5 4. Bd3 Nc6 5. c3 Nf6 6. Bf4 Bg4 7. Qb3 Qd7 8.
Nd2 e6 9. Ngf3 Bd6 10. Bxd6 Qxd6 11. Qxb7 Rb8 12. Qa6 O-O 13. Bb5 Rb6 14.
Qa4 Ne7 15. O-O Qb8 16. Ba6 Rxb2 17. Qa3 Bxf3 18. Nxf3 Ng6 19. Rfd1 Ng4 20.
Rf1 Nh4 21. Ne5 Nxe5 22. dxe5 Rb6 23. f4 Rb2 24. Rf2 Rxf2 25. Kxf2 Qb6+ 26.
Kf1 Rb8 27. Be2 Qe3 28. Qc1 Qe4 29. Bf3 Nxf3 30. gxf3 Qxf3+ 31. Kg1 Qe2 32.
Rb1 Rxb1 33. Qxb1 Qe3+ 34. Kf1 Qxf4+ 35. Kg1 Qe3+ 36. Kf1 Qb6 37. Qxb6 axb6
38. Ke2 Kf8 39. Kd3 Ke7 40. c4 Kd7 41. a4 Kc6 42. Kd4 dxc4 43. Kxc4 f5 44.
exf6 gxf6 45. Kd4 e5+ 46. Ke4 Kc5 47. Kf5 Kb4 48. Ke4 Kxa4 49. h4 b5 50. h5
b4 51. h6 b3 52. Kf5 b2 53. Ke4 b1=Q+ 54. Kd5 Qg6 55. Ke6 e4 56. Ke7 e3 57.
Kf8 e2 58. Ke7 e1=Q+ 59. Kd7 Qee8+ 60. Kd6 f5+ 61. Kd5 Qge6+ 62. Kc5 Q8c8+
63. Kd4 Qe4# {White checkmated} 0-1

[Event "ICC tourney 3208 (40 10)"]
[Site "Internet Chess Club"]
[Date "2023.06.03"]
[Round "2"]
[White "S.M, UMER:uncrackable"]
[Black "palani, mohnishkirupaa:chesswarriors12"]
[Result "1/2-1/2"]
[ICCResult "Game drawn by repetition"]
[WhiteElo "1871"]
[BlackElo "1803"]
[Opening "Neo-Grünfeld, 6.O-O, main line"]
[ECO "D79"]
[NIC "GI.02"]
[Time "13:15:17"]
[PlyCount "82"]
[TimeControl "2400+10"]

1. d4 Nf6 2. Nf3 g6 3. g3 Bg7 4. Bg2 O-O 5. O-O d5 6. c4 c6 7. cxd5 cxd5 8.
Nc3 Nc6 9. Ne5 Be6 10. Nxc6 bxc6 11. Bf4 Nd7 12. Na4 f6 13. Rc1 Rc8 14. Qd2
Nb6 15. Nc5 Bf7 16. b3 Re8 17. a4 Nd7 18. Bh3 Nxc5 19. Rxc5 e5 20. dxe5 fxe5
21. Bg5 Qb6 22. Bxc8 Qxc5 23. Rc1 Qb6 24. Bd7 Rb8 25. Bxc6 Qxb3 26. Qa5 h6
27. Be7 Qb2 28. Qc5 Qxe2 29. Bxd5 Bxd5 30. Qxd5+ Kh7 31. Qf7 Qa6 32. h4 h5
33. Kh2 Rb7 34. Rd1 Qb6 35. Rc1 Rd7 36. Rc8 Rxe7 37. Qxe7 Qxf2+ 38. Kh1 Qf1+
39. Kh2 Qf2+ 40. Kh1 Qf3+ 41. Kh2 Qf2+ {Game drawn by repetition} 1/2-1/2

[Event "ICC tourney 3208 (40 10)"]
[Site "Internet Chess Club"]
[Date "2023.06.03"]
[Round "2"]
[White "VOLOSHIN, VANYA:Vanya-long"]
[Black "Kolli, Hansika:Cougar2020"]
[Result "1-0"]
[ICCResult "Black resigns"]
[WhiteElo "1348"]
[BlackElo "1589"]
[Opening "French: advance, Euwe variation"]
[ECO "C02"]
[NIC "FR.03"]
[Time "13:15:11"]
[PlyCount "65"]
[TimeControl "2400+10"]

1. e4 e6 2. d4 d5 3. e5 c5 4. c3 Nc6 5. Nf3 Bd7 6. Be2 Qb6 7. a3 Rc8 8. O-O
cxd4 9. cxd4 Nge7 10. Qd2 Nf5 11. Rd1 Be7 12. Nc3 O-O 13. h3 f6 14. g4 Nh6
15. exf6 Bd6 16. fxg7 Rf7 17. Qxh6 Rxg7 18. Kh1 Rf8 19. Nxd5 exd5 20. Qxd6
Qb3 21. Bh6 Rxf3 22. Bxf3 Qxf3+ 23. Kg1 Rf7 24. Qg3 Qe2 25. Rd2 Qe4 26. Qe3
Qg6 27. Qg5 Qxg5 28. Bxg5 Rg7 29. f4 Na5 30. Re1 Nc4 31. Rde2 Kf8 32. Bh6
Kg8 33. Bxg7 {Black resigns} 1-0

[Event "ICC tourney 3208 (40 10)"]
[Site "Internet Chess Club"]
[Date "2023.06.03"]
[Round "2"]
[White "TANG, OWEN:OwenT477"]
[Black "CHANG, LEO:cwL"]
[Result "1-0"]
[ICCResult "Black resigns"]
[WhiteElo "1835"]
[BlackElo "1873"]
[Opening "Sicilian: Taimanov, American attack"]
[ECO "B33"]
[NIC "SI.34"]
[Time "13:15:10"]
[PlyCount "61"]
[TimeControl "2400+10"]

1. e4 c5 2. Nf3 Nc6 3. d4 cxd4 4. Nxd4 Nf6 5. Nc3 e6 6. Ndb5 Bb4 7. Nd6+ Ke7
8. Nxc8+ Rxc8 9. Bd3 d5 10. exd5 Nxd5 11. O-O f6 12. Qg4 Kf7 13. Nxd5 Qxd5
14. Rd1 Qe5 15. c3 Bd6 16. g3 f5 17. Qf3 Bc7 18. Bf4 Qf6 19. Bb5 Bxf4 20.
Rd7+ Ne7 21. Qxf4 a6 22. Ba4 b5 23. Bb3 Rhd8 24. Rad1 Rxd7 25. Rxd7 g5 26.
Qd6 a5 27. a3 f4 28. Ra7 a4 29. Ba2 f3 30. Ra6 Nf5 31. Qxe6+ {Black resigns}
1-0

[Event "ICC tourney 3208 (40 10)"]
[Site "Internet Chess Club"]
[Date "2023.06.03"]
[Round "3"]
[White "SRIPADA, ANISHA:waterycargo"]
[Black "S.M, UMER:uncrackable"]
[Result "0-1"]
[ICCResult "White resigns"]
[WhiteElo "1406"]
[BlackElo "1871"]
[Opening "Queen's pawn: London system"]
[ECO "A45"]
[NIC "QP.07"]
[Time "15:30:43"]
[PlyCount "92"]
[TimeControl "2400+10"]

1. d4 Nf6 2. Bf4 g6 3. e3 Bg7 4. Nf3 d6 5. c4 Nh5 6. Bg5 h6 7. Bh4 g5 8. Bg3
Nc6 9. Nc3 Nxg3 10. hxg3 Bg4 11. Be2 e5 12. d5 Ne7 13. Qc2 Bf5 14. e4 Bd7
15. O-O-O a6 16. Nd2 Ng6 17. Rdf1 O-O 18. Qd1 b5 19. Bg4 bxc4 20. Nxc4 Bb5
21. Nxb5 axb5 22. Ne3 Rxa2 23. Qb3 Qa8 24. Nf5 Qa7 25. Kc2 Ra8 26. Nxh6+
Bxh6 27. Rxh6 Qc5+ 28. Qc3 Rxb2+ 29. Kxb2 Ra2+ 30. Kxa2 Qxc3 31. Rb1 b4 32.
Rb3 Qc2+ 33. Rb2 Qxe4 34. Bf3 Qc4+ 35. Kb1 e4 36. Be2 Qd4 37. Ba6 Qd1+ 38.
Ka2 Qa4+ 39. Kb1 Qxa6 40. Rxb4 Qf1+ 41. Ka2 Qxf2+ 42. Rb2 Qxg3 43. Rh3 Qe5
44. Rd2 Nf4 45. Rb3 Nxd5 46. Rb5 Nc3+ {White resigns} 0-1

[Event "ICC tourney 3208 (40 10)"]
[Site "Internet Chess Club"]
[Date "2023.06.03"]
[Round "3"]
[White "Kolli, Hansika:Cougar2020"]
[Black "ZENG, CALEB:calebzeng"]
[Result "0-1"]
[ICCResult "White checkmated"]
[WhiteElo "1589"]
[BlackElo "1680"]
[Opening "Giuoco Piano"]
[ECO "C54"]
[NIC "IG.02"]
[Time "15:30:12"]
[PlyCount "58"]
[TimeControl "2400+10"]

1. e4 e5 2. Nf3 Nc6 3. Bc4 Bc5 4. c3 Nf6 5. d3 d6 6. b4 Bb6 7. a4 a6 8. O-O
h6 9. Re1 O-O 10. Be3 Bxe3 11. Rxe3 Re8 12. h3 Ne7 13. Qb3 Rf8 14. Nbd2 Ng6
15. Nf1 Nh5 16. Ng3 Nhf4 17. Rd1 Nh4 18. d4 Nfxg2 19. Red3 Nf4 20. Re3 Nxh3+
21. Kf1 Nxf3 22. Rxf3 Bg4 23. Bxf7+ Kh8 24. Nf5 Bxf3 25. Rd3 Bxe4 26. Rxh3
Bxf5 27. Rh5 Qf6 28. Bc4 Bd3+ 29. Bxd3 Qxf2# {White checkmated} 0-1

[Event "ICC tourney 3208 (40 10)"]
[Site "Internet Chess Club"]
[Date "2023.06.03"]
[Round "3"]
[White "Hamlett, James Morrison:Hamlett144"]
[Black "CHANG, ANDREW:happyluck"]
[Result "0-1"]
[ICCResult "White resigns"]
[WhiteElo "1414"]
[BlackElo "1507"]
[Opening "Evans gambit"]
[ECO "C52"]
[NIC "IG.05"]
[Time "15:30:16"]
[PlyCount "54"]
[TimeControl "2400+10"]

1. e4 e5 2. Nf3 Nc6 3. Bc4 Bc5 4. b4 Bxb4 5. c3 Ba5 6. d4 exd4 7. O-O Nge7
8. cxd4 d5 9. exd5 Nxd5 10. Bb2 O-O 11. Nbd2 Be6 12. Re1 h6 13. Bf1 Qd7 14.
Ne5 Nxe5 15. Rxe5 f6 16. Re1 Rfe8 17. Bc4 Nf4 18. Rxe6 Nxe6 19. d5 Nf4 20.
Nf3 Rad8 21. d6+ Kh8 22. Ba3 cxd6 23. Nd4 Re1+ 24. Qxe1 Bxe1 25. Rxe1 Qa4
26. Nf5 Qxa3 27. g3 Qc5 {White resigns} 0-1

[Event "ICC tourney 3208 (40 10)"]
[Site "Internet Chess Club"]
[Date "2023.06.03"]
[Round "3"]
[White "CHANG, LEO:cwL"]
[Black "VOLOSHIN, VANYA:Vanya-long"]
[Result "1-0"]
[ICCResult "Black forfeits on time"]
[WhiteElo "1873"]
[BlackElo "1348"]
[Opening "Ruy Lopez: ...b5 & ...d6"]
[ECO "C78"]
[NIC "RL.12"]
[Time "15:30:34"]
[PlyCount "75"]
[TimeControl "2400+10"]

1. e4 e5 2. Nf3 Nc6 3. Bb5 a6 4. Ba4 Nf6 5. O-O b5 6. Bb3 d6 7. c3 Bd7 8.
Re1 Be7 9. h3 O-O 10. d4 Re8 11. Bg5 Bc8 12. Nbd2 Bb7 13. Nf1 h6 14. Bd2 Qd7
15. Ng3 Bf8 16. a4 Na5 17. Bc2 Nc4 18. Bc1 g6 19. a5 d5 20. b3 dxe4 21. Nxe4
Bxe4 22. Bxe4 Nxe4 23. Rxe4 Nd6 24. Rxe5 Bg7 25. Rxe8+ Rxe8 26. Ba3 Nb7 27.
Bb4 Qd5 28. Qc2 c5 29. dxc5 Nxc5 30. c4 bxc4 31. bxc4 Qc6 32. Rd1 Nb7 33.
Nd4 Bxd4 34. Rxd4 Re5 35. Qd2 Kg7 36. f4 Re6 37. Qb2 Kg8 38. Qd2
{Black forfeits on time}
1-0

[Event "ICC tourney 3208 (40 10)"]
[Site "Internet Chess Club"]
[Date "2023.06.03"]
[Round "3"]
[White "JIMENEZ, LUIS A:eltuna"]
[Black "TANG, OWEN:OwenT477"]
[Result "1/2-1/2"]
[ICCResult "Game drawn by mutual agreement"]
[WhiteElo "1857"]
[BlackElo "1835"]
[Opening "French: Tarrasch, open variation"]
[ECO "C07"]
[NIC "FR.18"]
[Time "15:30:12"]
[PlyCount "102"]
[TimeControl "2400+10"]

1. e4 e6 2. d4 d5 3. Nd2 c5 4. Ngf3 Nc6 5. exd5 Qxd5 6. Bc4 Qd7 7. Nb3 cxd4
8. Nbxd4 Nxd4 9. Qxd4 Qxd4 10. Nxd4 Bd7 11. Bf4 a6 12. O-O Rc8 13. Bd3 Nf6
14. Rfe1 Bc5 15. Nf3 O-O 16. Ne5 Bc6 17. Nxc6 Rxc6 18. a3 Rcc8 19. b4 Bd4
20. Rad1 Bb2 21. Bc1 Bxc1 22. Rxc1 Rc3 23. a4 Nd5 24. b5 axb5 25. axb5 Rfc8
26. Rb1 b6 27. g3 R3c5 28. c4 Nf6 29. Ra1 g6 30. Ra6 Nd7 31. Rb1 Rb8 32. Bf1
Ne5 33. Rc1 Nf3+ 34. Kg2 Nd4 35. Rd1 e5 36. f4 f6 37. fxe5 fxe5 38. Bd3 Kh8
39. Rf1 e4 40. Bxe4 Rxc4 41. Bd3 Rc3 42. Rd1 Rb3 43. Bxg6 hxg6 44. Rxd4 Rxb5
45. Rh4+ Kg7 46. Ra7+ Kf6 47. Rhh7 Rb2+ 48. Kf3 Rf8 49. Ke4 Rd8 50. Raf7+
Kg5 51. Rb7 Rb4+ {Game drawn by mutual agreement} 1/2-1/2

[Event "ICC tourney 3208 (40 10)"]
[Site "Internet Chess Club"]
[Date "2023.06.03"]
[Round "3"]
[White "palani, mohnishkirupaa:chesswarriors12"]
[Black "ZHANG, ARI:brass60Six"]
[Result "1/2-1/2"]
[ICCResult "Game drawn by mutual agreement"]
[WhiteElo "1803"]
[BlackElo "1311"]
[Opening "Queen's pawn game, Darooha variation "]
[ECO "D02"]
[NIC "QP.08"]
[Time "15:30:18"]
[PlyCount "149"]
[TimeControl "2400+10"]

1. d4 d5 2. Nf3 Nf6 3. g3 e6 4. Bg2 c5 5. c4 Nc6 6. O-O Bd6 7. Nc3 cxd4 8.
Nxd4 O-O 9. cxd5 exd5 10. Bg5 Be5 11. e3 Bxd4 12. exd4 Be6 13. Qd3 h6 14.
Bf4 Qd7 15. Rfe1 Bf5 16. Qd2 Rfe8 17. Be5 Ne4 18. Nxe4 dxe4 19. Qc3 Nxe5 20.
dxe5 Qd5 21. f4 exf3 22. Bxf3 Qb5 23. a4 Qa6 24. Qc7 Rab8 25. Bd5 Be6 26.
Bxe6 Qxe6 27. Rad1 Rec8 28. Qd7 Qb6+ 29. Qd4 Qa6 30. Rd2 b5 31. axb5 Rxb5
32. Rf2 Rbc5 33. Ref1 Qe6 34. b4 R5c7 35. Re1 Re8 36. Rf4 Rb7 37. Rfe4 Qb6
38. Qxb6 Rxb6 39. Ra1 a6 40. Ra5 f6 41. e6 Rbxe6 42. Rxe6 Rxe6 43. b5 axb5
44. Rxb5 Re8 45. Kg2 Kf7 46. h4 g6 47. Kh3 h5 48. Rb4 Re3 49. Rb7+ Re7 50.
Rb4 Kg7 51. Rc4 Kh6 52. Rc6 Rf7 53. Kg2 g5 54. hxg5+ Kxg5 55. Rc5+ f5 56.
Rc4 Re7 57. Rf4 Re4 58. Rf2 Re3 59. Rf4 Re2+ 60. Kh3 Re4 61. Rf2 h4 62.
gxh4+ Rxh4+ 63. Kg2 Rb4 64. Rc2 Kg4 65. Rc3 f4 66. Kf1 Rb2 67. Kg1 f3 68.
Rc8 Rb5 69. Kf2 Rb2+ 70. Kf1 Rb5 71. Kf2 Rf5 72. Rg8+ Kf4 73. Re8 Kg4 74.
Rg8+ Kf4 75. Re8 {Game drawn by mutual agreement} 1/2-1/2

[Event "ICC tourney 3208 (40 10)"]
[Site "Internet Chess Club"]
[Date "2023.06.03"]
[Round "4"]
[White "SRIPADA, ANISHA:waterycargo"]
[Black "CHANG, LEO:cwL"]
[Result "0-1"]
[ICCResult "White resigns"]
[WhiteElo "1406"]
[BlackElo "1873"]
[Opening "Queen's pawn: London system"]
[ECO "A45"]
[NIC "QP.07"]
[Time "17:46:00"]
[PlyCount "44"]
[TimeControl "2400+10"]

1. d4 Nf6 2. Bf4 g6 3. e3 Bg7 4. Nf3 O-O 5. Be2 d5 6. O-O Nc6 7. c4 Re8 8.
Nc3 a6 9. Qb3 e6 10. Ne5 dxc4 11. Nxc4 Nd5 12. Bg3 h5 13. h3 b5 14. Nd2 Bh6
15. Nce4 f5 16. Nc3 Nxe3 17. Rfc1 Nxd4 18. Qa3 Nxe2+ 19. Nxe2 Nc4 20. Nxc4
Bxc1 21. Rxc1 bxc4 22. Rxc4 Qd1+ {White resigns} 0-1

[Event "ICC tourney 3208 (40 10)"]
[Site "Internet Chess Club"]
[Date "2023.06.03"]
[Round "4"]
[White "TANG, OWEN:OwenT477"]
[Black "palani, mohnishkirupaa:chesswarriors12"]
[Result "1-0"]
[ICCResult "Black resigns"]
[WhiteElo "1835"]
[BlackElo "1803"]
[Opening "Sicilian: dragon, Yugoslav attack, Rauser variation"]
[ECO "B76"]
[NIC "SI.17"]
[Time "17:45:33"]
[PlyCount "49"]
[TimeControl "2400+10"]

1. e4 c5 2. Nf3 d6 3. d4 cxd4 4. Nxd4 Nf6 5. Nc3 g6 6. Be3 Bg7 7. f3 O-O 8.
Qd2 Nc6 9. O-O-O d5 10. exd5 Nxd5 11. Nxc6 bxc6 12. Bd4 e5 13. Bc5 Re8 14.
Ne4 Qc7 15. h4 f5 16. Nd6 Rd8 17. Nxc8 Raxc8 18. Bc4 h6 19. h5 g5 20. Qd3 f4
21. Qg6 a5 22. Bxd5+ cxd5 23. Bb6 Qc6 24. Qxc6 Rxc6 25. Bxd8 {Black resigns}
1-0

[Event "ICC tourney 3208 (40 10)"]
[Site "Internet Chess Club"]
[Date "2023.06.03"]
[Round "4"]
[White "ZENG, CALEB:calebzeng"]
[Black "VOLOSHIN, VANYA:Vanya-long"]
[Result "1-0"]
[ICCResult "Black forfeits on time"]
[WhiteElo "1680"]
[BlackElo "1348"]
[Opening "Scotch gambit: Dubois-Réti defense"]
[ECO "C55"]
[NIC "KP.02"]
[Time "17:45:50"]
[PlyCount "69"]
[TimeControl "2400+10"]

1. e4 e5 2. Nf3 Nc6 3. d4 exd4 4. Bc4 Nf6 5. e5 d5 6. Bb5 Ne4 7. Nxd4 Bd7 8.
Bxc6 Bxc6 9. O-O Qd7 10. Re1 Be7 11. f3 Nc5 12. Nc3 Ne6 13. Be3 Rd8 14. Bf2
O-O 15. a4 a6 16. Nce2 Bxa4 17. Nxe6 fxe6 18. Nd4 Bc6 19. c3 Bb5 20. b4 Bc4
21. Qa4 c6 22. Nc2 Bg5 23. Rad1 Bb5 24. Qb3 Bc4 25. Qa4 Bb5 26. Qb3 Qc7 27.
Bc5 Be7 28. Be3 Rd7 29. Nd4 Qxe5 30. Bf2 Qf6 31. Rxe6 Qf7 32. Rde1 Bf6 33.
Nf5 Rdd8 34. Nd6 Qc7 35. Bc5 {Black forfeits on time} 1-0

[Event "ICC tourney 3208 (40 10)"]
[Site "Internet Chess Club"]
[Date "2023.06.03"]
[Round "4"]
[White "S.M, UMER:uncrackable"]
[Black "JIMENEZ, LUIS A:eltuna"]
[Result "1-0"]
[ICCResult "Black resigns"]
[WhiteElo "1871"]
[BlackElo "1857"]
[Opening "Queen's bishop game"]
[ECO "D02"]
[NIC "QP.08"]
[Time "17:45:12"]
[PlyCount "75"]
[TimeControl "2400+10"]

1. d4 d5 2. Nf3 Nf6 3. Bf4 e6 4. e3 Bd6 5. Ne5 O-O 6. Nd2 c5 7. c3 Qc7 8.
Bd3 Nc6 9. Ndf3 cxd4 10. exd4 Ne4 11. Bg3 Ne7 12. Qc2 f6 13. Ng4 Bd7 14.
Bxd6 Qxd6 15. Bxe4 dxe4 16. Qxe4 f5 17. Qe5 Qb6 18. Ne3 Ng6 19. Qc5 Qxb2 20.
O-O Rfc8 21. Qd6 Qb5 22. c4 Qc6 23. Qxc6 bxc6 24. c5 Rab8 25. Rab1 h6 26.
Nc4 Kf8 27. Nfe5 Nxe5 28. Nxe5 Ke7 29. Rfe1 g5 30. Kf1 Be8 31. Ke2 a6 32. a4
a5 33. Nc4 Ra8 34. Nb6 Rab8 35. Nxc8+ Rxc8 36. Rb7+ Bd7 37. Kd3 Ra8 38. d5
{Black resigns}
1-0

[Event "ICC tourney 3208 (40 10)"]
[Site "Internet Chess Club"]
[Date "2023.06.03"]
[Round "4"]
[White "Kolli, Hansika:Cougar2020"]
[Black "Hamlett, James Morrison:Hamlett144"]
[Result "0-1"]
[ICCResult "White checkmated"]
[WhiteElo "1589"]
[BlackElo "1414"]
[Opening "Owen defense"]
[ECO "B00"]
[NIC "VO.01"]
[Time "17:45:15"]
[PlyCount "106"]
[TimeControl "2400+10"]

1. e4 b6 2. d4 Bb7 3. Nc3 e6 4. Bd3 Be7 5. Nf3 d5 6. e5 c5 7. O-O Nd7 8. Be3
cxd4 9. Bxd4 a6 10. Re1 Nc5 11. Rc1 b5 12. Qe2 g5 13. h3 h5 14. Qe3 Nxd3 15.
Qxd3 g4 16. Nh2 Nh6 17. f4 gxh3 18. Qxh3 Nf5 19. Bf2 Nh4 20. Rcd1 Rg8 21.
Bg3 Qb6+ 22. Kh1 Nf5 23. Rd3 h4 24. Bxh4 Bxh4 25. Red1 d4 26. Nf3 dxc3 27.
Nxh4 Nxh4 28. Qxh4 Bxg2+ 29. Kh2 Bc6 30. bxc3 Qc7 31. Qf6 Qe7 32. Rd6 Qxf6
33. exf6 Bd5 34. f5 a5 35. fxe6 fxe6 36. Re1 Kf7 37. Rf1 Ra7 38. Rb6 Rb7 39.
Rxb7+ Bxb7 40. Rf4 Bd5 41. Rf2 Bxa2 42. Kh3 Bd5 43. Kh4 a4 44. Rf1 a3 45.
Kh5 a2 46. Kh6 Bc4 47. Ra1 Kxf6 48. Kh5 Be2+ 49. Kh4 Kf5 50. Kh3 Kf4 51. Kh2
Kf3 52. Kh1 Kf2 53. Kh2 Rh8# {White checkmated} 0-1

[Event "ICC tourney 3208 (40 10)"]
[Site "Internet Chess Club"]
[Date "2023.06.03"]
[Round "5"]
[White "JIMENEZ, LUIS A:eltuna"]
[Black "ZHANG, ARI:brass60Six"]
[Result "1-0"]
[ICCResult "Black checkmated"]
[WhiteElo "1857"]
[BlackElo "1311"]
[Opening "Caro-Kann: exchange variation"]
[ECO "B13"]
[NIC "CK.02"]
[Time "20:00:30"]
[PlyCount "41"]
[TimeControl "2400+10"]

1. e4 c6 2. d4 d5 3. exd5 cxd5 4. Bd3 Nc6 5. c3 e6 6. Nf3 Bd6 7. O-O Nf6 8.
Re1 O-O 9. Nbd2 Re8 10. Ne5 Qc7 11. f4 a6 12. Re3 b5 13. Rh3 b4 14. g4 g6
15. g5 Nd7 16. Qe1 f5 17. Nxg6 hxg6 18. Qh4 Nf8 19. Qh8+ Kf7 20. Qf6+ Kg8
21. Rh8# {Black checkmated} 1-0